 Dungeon Crawl Stone Soup version 0.18.1-48-g4cf74bf (webtiles) character file.

1470 RickumRackum the Basher (level 8, -1/88 HPs)
             Began as an Ogre Berserker on Aug 31, 2016.
             Was a Priest of Trog.
             Slain by a hound (5 damage)
             ... on level 5 of the Dungeon.
             The game lasted 00:23:08 (5391 turns).

RickumRackum the Basher (Ogre Berserker)            Turns: 5391, Time: 00:23:09

Health: -1/88      AC:  3    Str: 23    XL:     8   Next: 78%
Magic:  8/8        EV: 12    Int:  6    God:    Trog [***...]
Gold:   272        SH:  0    Dex: 11    Spells: 0 memorised, 7 levels left

rFire  . . .     SeeInvis .     a - +0 mace
rCold  . . .     Gourm    .     b - +0 animal skin
rNeg   . . .     Faith    +     (no shield)
rPois  .         Spirit   .     (helmet restricted)
rElec  .         Dismiss  .     (no cloak)
rCorr  .         Reflect  .     (gloves unavailable)
SustAt .         Harm     .     (boots unavailable)
MR     ++...                    p - amulet of faith
Stlth  +.........               (no ring)
                                (no ring)

@: exhausted, regenerating, slowed, very slow, very resistant to hostile
enchantments, very unstealthy
A: unfitting armour, tough skin 1
a: Berserk, Trog's Hand, Burn Spellbooks, Renounce Religion


You were on level 5 of the Dungeon.
You worshipped Trog.
Trog was most pleased with you.
You were not hungry.

You visited 1 branch of the dungeon, and saw 5 of its levels.

You collected 272 gold pieces.

Inventory:

Hand Weapons
 a - a +0 mace (weapon)
Armour
 b - a +0 animal skin (worn)
Jewellery
 p - an amulet of faith (around neck)
 q - an uncursed amulet of rage
Wands
 k - a wand of confusion (17/48)
 m - a wand of confusion (19/48)
 w - a wand of iceblast (7/15)
Scrolls
 e - a scroll of fear
 f - a scroll of fog
 g - 3 scrolls of teleportation
 i - 3 scrolls of remove curse
 n - a scroll of blinking {unknown}
 o - a scroll of identify
 t - a scroll of immolation {unknown}
 x - a scroll of enchant armour {unknown}
Potions
 h - a potion of magic {unknown}
 r - a potion of resistance {unknown}
 s - a potion of heal wounds
 v - 2 potions of curing {unknown}
Comestibles
 c - a bread ration
 d - 3 meat rations
 j - 2 beef jerkies
 l - a fruit


   Skills:
 + Level 8.0 Fighting
 * Level 10.5 Maces & Flails
 + Level 5.4 Dodging


You had 7 spell levels left.
You didn't know any spells.

Dungeon Overview and Level Annotations

Branches:
Dungeon (5/15)
 Temple: D:4-7

Altars:
Ashenzari
Dithmenos
Makhleb
Okawaru
Vehumet


Innate Abilities, Weirdness & Mutations

You are too large for most types of armour.
You have tough skin (AC +1).


Message History

The hound is heavily wounded.
The hound misses you. The hound bites you but does no damage.
You miss the hound.
The hound is heavily wounded.
The hound bites you.
* * * LOW HITPOINT WARNING * * *
The phantom barely misses you. The hound bites you.
* * * LOW HITPOINT WARNING * * *
You hit the hound.
The hound is severely wounded.
The hound barely misses you. The phantom hits you.
* * * LOW HITPOINT WARNING * * *
The hound bites you.
* * * LOW HITPOINT WARNING * * *
The phantom hits you.
* * * LOW HITPOINT WARNING * * *
You barely miss the hound.
The hound is severely wounded.
The hound bites you.
You die...

................#####
....................#
......##............#
..............).....#
....................#
...###.#........#
..............(.#
##..........##
#.....W@....#
#.......h...#
.................
.......#####.####
....... #.# ....?..
.# ....... .. ...


You could see a phantom and a hound.

Vanquished Creatures
  Pikel (D:4)
  Sigmund (D:3)
  Duvessa (D:4)
  The ghost of Enwrom the Skirmisher, an amateur HuAK of Lugonu (D:3)
  An ogre (D:5)
  A centaur (D:5)
  Dowan (D:4)
  The ghost of QuiZr the Vexing, a weakling TrAM of Gozag (D:4)
  A giant frog skeleton (D:5)
  A hound (D:5)
  Ijyb (D:2)
  2 iguanas
  2 worker ants (D:4)
  A hound skeleton (D:5)
  A worker ant zombie (D:5)
  A howler monkey skeleton (D:5)
  5 adders
  An ooze (D:2)
  An adder skeleton (D:5)
  4 worms
  3 dart slugs
  4 giant geckos
  6 orcs (D:4)
  6 bats
  4 giant cockroaches
  8 goblins
  8 hobgoblins
  15 jackals
  8 kobolds
  A ball python (D:1)
  4 giant newts
  9 rats
105 creatures vanquished.

Vanquished Creatures (others)
  A scorpion (D:4)
  3 orc wizards (D:4)
  An orc (D:4)
  A quokka (D:4)
6 creatures vanquished.

Grand Total: 111 creatures vanquished

Notes
Turn   | Place    | Note
--------------------------------------------------------------
     0 | D:1      | RickumRackum the Ogre Berserker began the quest for the Orb.
     0 | D:1      | Reached XP level 1. HP: 24/24 MP: 1/1
   248 | D:1      | Reached XP level 2. HP: 32/32 MP: 2/2
   763 | D:1      | Reached XP level 3. HP: 39/40 MP: 3/3
   929 | D:1      | Reached ** piety under Trog
   929 | D:1      | Reached skill level 5 in Maces & Flails
  1013 | D:2      | Noticed Ijyb
  1027 | D:2      | Killed Ijyb
  1027 | D:2      | Reached XP level 4. HP: 45/49 MP: 4/4
  2106 | D:3      | Reached skill level 5 in Fighting
  2195 | D:3      | Reached XP level 5. HP: 50/57 MP: 5/5
  2214 | D:3      | Noticed Sigmund
  2225 | D:3      | Killed Sigmund
  2225 | D:3      | Reached skill level 7 in Maces & Flails
  2225 | D:3      | Reached XP level 6. HP: 67/67 MP: 6/6
  2543 | D:3      | Noticed Enwrom's ghost (amateur HuAK)
  2573 | D:3      | Killed Enwrom's ghost
  3493 | D:4      | Reached *** piety under Trog
  3558 | D:4      | Found an iron altar of Okawaru.
  3558 | D:4      | Noticed Duvessa
  3559 | D:4      | Noticed Dowan
  3566 | D:4      | Killed Duvessa
  3566 | D:4      | Reached XP level 7. HP: 75/75 MP: 7/7
  3572 | D:4      | Killed Dowan
  3572 | D:4      | Reached skill level 8 in Maces & Flails
  3981 | D:4      | Got a pitted trident
  3984 | D:4      | Identified the +5 trident of the Pariah {pierce, Int+2} (You found it on level 4 of the Dungeon)
  4007 | D:4      | Noticed QuiZr's ghost (weakling TrAM)
  4021 | D:4      | Killed QuiZr's ghost
  4086 | D:4      | Noticed Pikel
  4107 | D:4      | Killed Pikel
  4107 | D:4      | Reached skill level 9 in Maces & Flails
  4107 | D:4      | Reached skill level 5 in Dodging
  4107 | D:4      | Reached XP level 8. HP: 13/87 MP: 8/8
  4385 | D:4      | Found a shadowy altar of Dithmenos.
  4536 | D:4      | Found a shattered altar of Ashenzari.
  4542 | D:4      | Found a radiant altar of Vehumet.
  4547 | D:4      | Found a burning altar of Makhleb.
  4774 | D:5      | Entered Level 5 of the Dungeon
  5102 | D:5      | Reached skill level 10 in Maces & Flails
  5384 | D:5      | HP: 4/88 [hound (2)]
  5390 | D:5      | HP: 3/88 [phantom (2)]
  5391 | D:5      | Slain by a hound

Skill      XL: |  1  2  3  4  5  6  7  8 |
---------------+-------------------------+-----
Maces & Flails | 5 7 9 10 | 10.5
Dodging        | 3 4 5 |  5.4
Fighting       | 5 6 7 8 |  8.0

Action                   |  1- 3 |  4- 6 |  7- 9 || total
-------------------------+-------+-------+-------++-------
Melee: Mace              |    87 |   169 |   133 ||   389
Invok: Berserk           |       |     4 |     4 ||     8
       Trog's Hand       |       |     1 |     2 ||     3
  Use: Potion            |     2 |     3 |     1 ||     6
       Scroll            |       |     9 |       ||     9
 Stab: Sleeping          |     1 |       |     1 ||     2
  Eat: Chunk             |       |    11 |     8 ||    19
       Bread ration      |       |       |     1 ||     1
Armor: Animal skin       |    23 |    38 |    41 ||   102
Dodge: Dodged            |    43 |   121 |    79 ||   243
